 Dungeon Crawl Stone Soup version 0.29-a0-892-g2c4c91d9db (webtiles) character file.

Game seed: 9275164089296717577

64 funkygono the Firebug (level 4, -1/24 HPs)
             Began as a Gargoyle Fire Elementalist on July 22, 2022.
             Slain by an orc
             ... wielding a +0 dagger
              (3 damage)
             ... on level 3 of the Dungeon.
             The game lasted 00:03:23 (1885 turns).

funkygono the Firebug (Gargoyle Fire Elementalist)  Turns: 1885, Time: 00:03:23

Health: -1/24      AC:  6    Str: 12    XL:     4   Next: 12%
Magic:  2/7        EV: 12    Int: 17    God:
Gold:   159        SH:  0    Dex: 10    Spells: 4/7 levels left

rFire   + + .      SeeInvis .   m - staff of fire
rCold   . . .      Faith    .   (no shield)
rNeg    + . .      Spirit   .   a - +0 robe
rPois   ∞          Reflect  .   (no helmet)
rElec   +          Harm     .   (no cloak)
rCorr   .          Rampage  .   (no gloves)
Will    .....                   n - +0 pair of boots
Stlth   ++........              (no amulet)
HPRegen 0.08/turn               i - ring of protection from fire
MPRegen 0.10/turn               (no ring)

@: no status effects
A: sickness immunity, AC +3, negative energy resistance 1, electricity
resistance, torment resistance 1, petrification resistance
a: no special abilities


You were on level 3 of the Dungeon.
You visited 1 branch of the dungeon, and saw 3 of its levels.

You collected 159 gold pieces.

Inventory:

Hand Weapons
 p - a +0 whip
Armour
 a - a +0 robe (worn)
 g - a +0 leather armour
 n - a +0 pair of boots (worn)
Magical Staves
 m - a staff of fire (weapon)
Jewellery
 i - a ring of protection from fire (left hand)
Wands
 q - a wand of mindburst (17)
Scrolls
 d - a scroll of noise
 j - a scroll of identify {unknown}
 l - a scroll of amnesia {unknown}
 r - a scroll of summoning {unknown}
Potions
 b - a potion of magic
 c - 4 potions of curing {unknown}
 e - a potion of resistance {unknown}
 h - a potion of degeneration {unknown}
 k - a potion of lignification {unknown}
 o - a potion of haste {unknown}
 s - a potion of mutation {unknown}
 t - a potion of heal wounds {unknown}


   Skills:
 + Level 1.7 Dodging
 - Level 2.1 Stealth
 + Level 2.3 Spellcasting
 + Level 1.8 Conjurations
 + Level 4.3 Fire Magic


You had 4 spell levels left.
You knew the following spells:

 Your Spells              Type           Power      Damage    Failure   Level
a - Foxfire               Conj/Fire      72%        2x1d7     5%          1
b - Scorch                Fire           50%        2d7       4%          2

Your spell library contained the following spells:

 Spells                   Type           Power      Damage    Failure   Level
 Conjure Flame            Conj/Fire      18%        6-21      16%         3
 Inner Flame              Hex/Fire       14%        N/A       22%         3
 Dazzling Flash           Conj/Hex       10%        N/A       36%         3
 Flame Wave               Conj/Fire      18%        2d6       47%         4
 Agony                    Necr           1%         N/A       99%         5
 Silence                  Hex/Air        0%         N/A       99%         5


Dungeon Overview and Level Annotations

Branches:
Dungeon (2/15)

Altars:


Innate Abilities, Weirdness & Mutations

You are immune to sickness and miasma.
Your stone body is resilient. (AC +3)
You are immune to poison.
You resist negative energy. (rN+)
You are resistant to electric shocks. (rElec)
You are resistant to unholy torment.
You are immune to petrification.


Message History

You feel a surge of power!
You conjure some foxfire!
The foxfire hits the orc.
The orc is lightly wounded.
The orc barely misses you. The orc wizard closely misses you.
Unknown command.
Casting: Foxfire (safe; 5% risk of failure)
Confirm with . or Enter, or press ? or * to list all spells.
You don't have enough magic to cast this spell.
Unknown command.
The foxfire hits the orc wizard.
The orc wizard is almost dead.
The orc wizard closely misses you. The orc misses you.
The orc hits you but does no damage. The orc attacks as you move away!
The orc closely misses you.
The orc wizard hits you with a +0 dagger.
* * * LOW HITPOINT WARNING * * *
The orc wizard attacks as you move away!
The orc wizard hits you but does no damage.
Okay, then.
As you read the scroll labelled YJARGH FANTAQEE, it crumbles to dust.
You hear a loud clanging noise!
It was a scroll of noise.
Unknown command.
The orc hits you with a +0 dagger.
* * * LOW HITPOINT WARNING * * *
The orc wizard attacks as you move away!
The orc wizard hits you with a +0 dagger.
* * * LOW HITPOINT WARNING * * *
The orc wizard gestures wildly while chanting.
The orc wizard flickers and vanishes!
Deactivating autopickup; reactivate with Ctrl-A.
As you read the scroll labelled VOAGHE AZUODD, it crumbles to dust.
You feel aware of your surroundings.
You sensed 1 altar, and 1 shop/portal.
It was a scroll of magic mapping.
The orc hits you but does no damage. The orc attacks as you move away!
The orc barely misses you. The orc attacks as you move away!
The orc hits you but does no damage.
Your magical contamination has completely faded away.
You see here a +0 club.
The orc attacks as you move away! The orc closely misses you.
The orc attacks as you move away! The orc hits you with a +0 dagger.
You die...

#.# ##.....## #.## ##.##
##.......## #..##
##...####.........####...# ####
#.......'...............####...
##...####............####.)#o##
#..## ##.......#####.#.#.#.#
#†########$...####.#..#...#.#
#.#...?....####.#...#...#.#.#
####.#..####....@o.o.#...#.....#
#.......# #.#####†#...#...#v###
#.##.#..####†#.,*####.#..#...#
#.*#........§§.,****####.#.#.#
#.####..####§#.,,,,,,,,####..#
#.......####§§.,,,****** ####
######.....§...,,**
#.......##,** #########*,*


You could see 2 orcs.

Vanquished Creatures
  3 adders
  A worm (D:2)
  2 dart slugs
  An orc (D:3)
  3 goblins
  A hobgoblin (D:3)
  2 jackals (D:1)
  2 kobolds (D:2)
  3 quokkas
  7 ball pythons
  3 frilled lizards
  5 rats
33 creatures vanquished.

Vanquished Creatures (others)
  88 foxfires
88 creatures vanquished.

Grand Total: 121 creatures vanquished

Notes
Turn   | Place    | Note
-------+----------+-------------------------------------------
     0 | D:1      | funkygono the Gargoyle Fire Elementalist began the quest
                  | for the Orb.
     0 | D:1      | Reached XP level 1. HP: 10/10 MP: 3/3
   298 | D:1      | Reached XP level 2. HP: 15/15 MP: 0/5
   301 | D:1      | Learned a level 2 spell: Scorch
  1370 | D:2      | Reached XP level 3. HP: 19/19 MP: 4/6
  1502 | D:2      | Reached skill level 4 in Fire Magic
  1604 | D:2      | You fall into a shaft and drop 1 floor!
  1784 | D:3      | Reached XP level 4. HP: 22/24 MP: 2/7
  1885 | D:3      | Slain by an orc

Illustrated notes

Levels and vault maps discovered:
D:1:      scummos_arrival_forest, layout_rooms, roderic_serpentine_path,
          minmay_parallelograms
D:2:      layout_basic, kennysheep_flooded_box, st_stairs_1
D:3:      minmay_spotlight, layout_loops_corners, gup_sewer_entry_pipe,
          shapermc_ecumenical_altar_hornbeckon, minmay_rat_hole

Skill      XL: |  1  2  3 |
---------------+----------+-----
Fire Magic     | 4 |  4.3
Dodging        | |  1.7
Stealth        | |  2.1
Spellcasting   | |  2.3
Conjurations   | |  1.8

Action                   |  1- 3 |  4- 6 || total
-------------------------+-------+-------++-------
Melee: Unarmed           |     5 |       ||     5
       Staff             |     2 |     4 ||     6
 Cast: Foxfire           |    48 |     8 ||    56
  Use: Scroll            |       |     2 ||     2
Armor: Robe              |     5 |    12 ||    17
Dodge: Dodged            |    17 |    14 ||    31

Table legend: (Time is in decaauts)
 A = Elapsed time spent in this place.
 B = Non-inter-level travel time spent in this place.
 C = Inter-level travel time spent in this place.
 D = Time resting spent in this place.
 E = Time spent auto-exploring this place.
 F = Levels seen in this place.
 G = Mean time per level.
                   A        B        C        D        E       F      G
               +--------+--------+--------+--------+--------+-----+--------+
         Total |   1884 |   1833 |     51 |     23 |   1371 |   3 |  628.0 |
       Dungeon |   1884 |   1833 |     51 |     23 |   1371 |   3 |  628.0 |
               +--------+--------+--------+--------+--------+-----+--------+

Top non-repeatable levels by time:
     D:1: 857 daAuts
     D:2: 746 daAuts
     D:3: 281 daAuts
